Map: Deathaura LE

Players

Scarlett - Winner!

  • Race: Zerg Zerg
  • League: Master
  • Spawn Location: 5:00

Nina

  • Race: Protoss Protoss
  • League: Grandmaster
  • Spawn Location: 11:00

Event: DreamHack SC2 Masters 2020 Winter

VOD

Have the link to the VOD?

Description

Time

  • Played on: Nov. 6, 2020, 4:09 p.m.
  • Length: 14:18

All games in this series

Show
View Real Time Build Order
Export as new Build Order

Scarlett Zerg - Winner!

Build Orders: Hatch First, Muta Ling Bane 

Get SALT Encoding   

  12  0:00  Drone  
  13  0:12  Overlord  
  13  0:16  Drone  
  14  0:30  Drone x2  
  16  0:46  Hatchery  
  15  0:50  Drone  
  15  0:53  Drone  
  17  0:57  Drone  
  18  1:08  Extractor  
  17  1:12  Spawning Pool  
  17  1:15  Drone  
  17  1:18  Drone  
  18  1:29  Drone  
  19  1:41  Drone  
  20  1:52  Drone  
  21  1:58  Queen x2  
  21  1:59  Zergling x2  
  21  2:00  Overlord  
  26  2:09  Drone  
  26  2:12  Drone  
  28  2:20  Drone  
  28  2:21  Drone  
  30  2:25  Metabolic Boost  
  30  2:33  Hatchery  
  30  2:36  Drone  
  30  2:37  Drone  
  30  2:43  Drone  
  32  2:44  Overlord  
  32  2:54  Drone x2  
  32  2:55  Queen  
  36  3:04  Drone x2  
  38  3:09  Drone x3  
  41  3:13  Queen  
  41  3:15  Overlord  
  43  3:20  Zergling x2  
  43  3:24  Overlord  
  44  3:33  Queen  
  46  3:40  Drone x6  
  52  3:44  Drone x3  
  52  3:46  Queen  
  57  3:53  Overlord  
  57  3:54  Overlord  
  57  3:59  Zergling x2  
  57  4:00  Overlord  
  58  4:06  Spore Crawler  
  58  4:07  Drone  
  58  4:10  Spore Crawler  
  58  4:12  Overlord  
  58  4:16  Drone x6  
  63  4:22  Drone x4  
  67  4:30  Extractor x2  
  65  4:32  Roach Warren  
  65  4:33  Evolution Chamber  
  65  4:35  Lair  
  63  4:39  Zergling x8  
  63  4:40  Drone  
  63  4:42  Drone  
  63  4:44  Drone x2  
  71  4:49  Drone x4  
  75  4:55  Drone x5  
  80  5:01  Drone  
  80  5:03  Drone  
  80  5:06  Overlord  
  82  5:09  Drone  
  82  5:11  Extractor  
  82  5:12  Extractor  
  82  5:14  Spore Crawler  
  79  5:16  Zerg Missile Weapons Level 1  
  79  5:17  Drone x8  
  85  5:28  Drone  
  85  5:29  Drone x3  
  85  5:34  Hatchery  
  88  5:43  Drone  
  88  5:45  Extractor  
  88  5:49  Overlord x2  
  88  5:53  Glial Reconstitution  
  88  5:55  Spire, Roach x4, Overlord  
  88  5:56  Overlord x4  
  95  6:01  Hatchery  
  94  6:14  Roach x2  
  94  6:15  Roach x7  
  112  6:22  Queen x2  
  115  6:27  Queen  
  115  6:32  Drone, Spore Crawler  
  118  6:34  Drone  
  118  6:35  Spore Crawler  
  118  6:38  Drone  
  118  6:44  Spore Crawler  
  118  6:45  Overlord  
  117  6:52  Baneling Nest  
  117  7:06  Mutalisk x9  
  135  7:11  Zerg Flyer Weapons Level 1  
  135  7:13  Zergling x26  
  148  7:29  Mutalisk x3, Extractor  
  152  7:32  Extractor  
  152  7:35  Drone x9  
  160  7:41  Zerg Melee Weapons Level 1, Centrifical Hooks  
  160  7:42  Drone  
  160  7:43  Drone x7  
  166  7:53  Mutalisk x2  
  166  7:57  Overlord x2  
  168  8:01  Overlord  
  168  8:02  Overlord x2  
  168  8:03  Drone x2  
  170  8:06  Extractor  
  170  8:07  Mutalisk x2  
  170  8:08  Extractor  
  170  8:13  Overlord  
  170  8:26  Mutalisk x4  
  178  8:33  Zergling x26  
  191  8:36  Ravager x3  
  191  8:39  Zergling x6  
  197  8:44  Zergling x4  
  188  9:06  Mutalisk x8  
  198  9:17  Zerg Flyer Weapons Level 2  
  198  9:19  Baneling x2  
  198  9:20  Baneling x9  
  198  9:22  Zergling x2  
  199  9:29  Baneling  
  199  9:30  Baneling x10  
  197  9:35  Hatchery  
  196  9:39  Zerg Melee Weapons Level 2  
  196  9:40  Zergling x6  
  196  9:45  Evolution Chamber, Infestation Pit  
  191  10:01  Mutalisk x4  
  191  10:07  Baneling x15  
  199  10:14  Zerg Missile Weapons Level 2  
  174  10:31  Mutalisk x5  
  174  10:34  Zergling x36  
  190  10:38  Hive  
  187  10:43  Zergling x18  
  187  10:44  Zergling x8  
  184  11:04  Mutalisk x4  
  184  11:05  Mutalisk x3  
  188  11:18  Mutalisk  
  188  11:19  Mutalisk x3  
  188  11:20  Zergling x22  
  188  11:22  Unknown  
  188  11:24  Unknown  
  180  11:30  Hatchery  
  159  11:34  Mutalisk x4  
  159  11:37  Zergling x22  
  172  11:48  Drone x11  
  172  11:50  Baneling x3  
  172  11:51  Baneling x11  
  172  11:52  Baneling  
  183  11:57  Adrenal Glands  
  183  12:01  Unknown  
  183  12:04  Unknown  
  183  12:08  Greater Spire  
  175  12:15  Corruptor x5  
  182  12:26  Corruptor x4  
  148  12:43  Roach x9  
  160  12:49  Zergling x14  
  167  13:10  Ravager x9  
  167  13:11  Drone x3  
  167  13:12  Drone x3  
  182  13:21  Brood Lord x7  
  182  13:22  Brood Lord  
  198  13:46  Baneling x7  
  198  13:50  Hatchery  
  197  13:59  Baneling x6  
Show
View Real Time Build Order
Export as new Build Order

Nina Protoss 

Build Orders: 1 Gate Expand, Oracle Opening, Zealot Archon 

Get SALT Encoding   

  12  0:00  Probe  
  13  0:12  Probe  
  14  0:18  Pylon  
  14  0:24  Probe  
  15  0:36  Gateway  
  15  0:39  Probe (Chrono Boost)  
  16  0:48  Assimilator  
  17  0:50  Probe (Chrono Boost)  
  17  0:54  Probe (Chrono Boost)  
  18  1:04  Forge  
  18  1:05  Probe  
  20  1:25  Pylon  
  19  1:27  Probe  
  20  1:35  Nexus  
  20  1:42  Cybernetics Core  
  20  1:45  Probe  
  21  1:55  Assimilator  
  21  1:59  Pylon  
  21  2:01  Probe  
  22  2:13  Probe  
  23  2:16  Adept (Chrono Boost)  
  25  2:25  Stargate, Probe (Chrono Boost)  
  26  2:32  Warp Gate  
  26  2:38  Probe (Chrono Boost)  
  26  2:41  Adept  
  29  2:47  Probe (Chrono Boost)  
  29  2:49  Probe (Chrono Boost)  
  31  2:56  Probe (Chrono Boost)  
  31  2:57  Probe (Chrono Boost)  
  33  3:00  Gateway  
  33  3:01  Probe (Chrono Boost)  
  34  3:06  Void Ray (Chrono Boost)  
  34  3:07  Probe  
  35  3:17  Probe  
  35  3:19  Probe  
  41  3:29  Probe  
  41  3:31  Probe  
  43  3:35  Pylon  
  43  3:41  Probe  
  44  3:43  Probe  
  44  3:46  Gateway  
  45  3:53  Probe, Oracle  
  45  3:54  Pylon  
  49  3:55  Probe  
  50  4:05  Pylon, Probe  
  50  4:07  Probe  
  51  4:17  Probe  
  51  4:20  Probe  
  51  4:23  Adept x2  
  57  4:26  Pylon  
  57  4:28  Nexus  
  57  4:29  Probe  
  58  4:32  Probe  
  58  4:33  Oracle  
  62  4:39  Assimilator  
  62  4:41  Assimilator  
  62  4:44  Probe  
  62  4:45  Pylon  
  63  4:50  Sentry x2  
  63  4:52  Probe  
  68  4:56  Probe  
  69  5:04  Robotics Facility, Probe  
  70  5:07  Forge  
  70  5:08  Probe  
  70  5:10  Shield Battery  
  71  5:16  Probe  
  71  5:20  Probe  
  73  5:28  Probe  
  73  5:32  Probe  
  75  5:36  Oracle  
  75  5:41  Probe  
  80  5:42  Protoss Ground Weapons Level 1, Probe  
  80  5:44  Probe  
  80  5:48  Twilight Council  
  80  5:49  Immortal (Chrono Boost)  
  81  5:52  Assimilator  
  81  5:53  Probe  
  81  5:55  Assimilator, Probe  
  81  5:56  Probe  
  88  6:00  Gateway  
  88  6:03  Gateway  
  88  6:05  Probe  
  88  6:06  Pylon  
  88  6:07  Probe  
  88  6:08  Gateway  
  88  6:11  Probe  
  91  6:17  Probe  
  92  6:19  Probe  
  92  6:24  Probe, Immortal  
  92  6:25  Pylon  
  98  6:27  Pylon  
  98  6:30  Charge, Probe (Chrono Boost)  
  99  6:33  Probe (Chrono Boost)  
  99  6:34  Templar Archives  
  99  6:37  Probe (Chrono Boost)  
  99  6:39  Photon Cannon  
  101  6:41  Pylon  
  101  6:46  Zealot  
  104  6:48  Probe (Chrono Boost)  
  104  6:52  Probe (Chrono Boost)  
  104  6:54  Nexus  
  104  6:57  Probe  
  106  7:02  Probe  
  106  7:06  Immortal  
  106  7:07  Probe  
  112  7:09  Robotics Facility  
  112  7:11  Shield Battery  
  112  7:12  Probe  
  113  7:17  Psionic Storm  
  113  7:19  Probe x2  
  113  7:21  High Templar x3  
  121  7:24  Probe  
  121  7:27  Zealot  
  123  7:30  Pylon  
  123  7:32  Pylon x2  
  123  7:35  Pylon  
  121  7:45  Photon Cannon  
  121  7:47  Archon  
  121  7:48  Phoenix  
  121  7:50  Stalker x3  
  129  7:55  Stalker  
  129  7:56  Stalker x2  
  129  8:00  Probe  
  129  8:02  Photon Cannon  
  128  8:05  Stargate  
  122  8:13  Phoenix  
  122  8:16  Stalker x3  
  122  8:18  Probe  
  122  8:19  Probe  
  132  8:20  Probe  
  133  8:30  Stalker x2  
  133  8:38  Phoenix  
  135  8:41  Stalker  
  135  8:42  Stalker, Probe  
  135  8:46  Probe  
  135  8:48  Probe  
  141  8:49  Assimilator  
  141  8:50  Assimilator  
  141  8:54  Probe  
  142  8:59  Stalker x3, Protoss Air Weapons Level 1  
  148  9:03  Phoenix  
  142  9:10  Phoenix  
  142  9:14  Stalker x2  
  142  9:15  Stalker  
  146  9:22  Nexus  
  146  9:23  High Templar  
  148  9:32  Pylon  
  148  9:33  Pylon  
  148  9:34  Pylon  
  148  9:37  Shield Battery  
  148  9:44  Shield Battery  
  148  9:50  Phoenix  
  152  9:53  Stalker x5  
  152  9:59  Stargate  
  160  10:04  Pylon  
  160  10:05  High Templar  
  160  10:12  Probe  
  160  10:13  Probe  
  154  10:15  Phoenix, Probe  
  145  10:22  Stalker x5  
  126  10:40  Phoenix  
  126  10:41  Probe  
  129  10:44  Stalker  
  129  10:45  Phoenix  
  129  10:49  Stalker x2  
  137  10:51  Probe  
  136  11:00  Probe  
  136  11:01  Probe  
  136  11:03  Probe  
  128  11:05  Phoenix  
  128  11:07  Zealot x2  
  130  11:13  Phoenix, Probe  
  130  11:15  High Templar  
  121  11:20  Probe  
  102  11:27  High Templar x2  
  102  11:30  Probe  
  91  11:41  Nexus  
  91  11:44  Probe  
  91  11:46  Probe  
  93  11:47  Probe  
  93  11:49  Pylon  
  93  11:52  High Templar x2  
  98  11:56  Probe  
  98  11:58  Probe  
  100  12:05  Phoenix  
  101  12:09  Shield Battery  
  101  12:13  Phoenix  
  101  12:14  Probe  
  104  12:15  Probe  
  104  12:22  Zealot  
  107  12:29  Zealot  
  85  12:30  Phoenix (Chrono Boost)  
  85  12:36  Probe  
  81  12:37  Phoenix (Chrono Boost)  
  81  12:42  High Templar  
  81  12:43  Probe  
  84  12:44  Probe  
  84  12:49  Zealot  
  84  12:50  Probe  
  88  12:52  Phoenix (Chrono Boost)  
  88  12:56  High Templar  
  88  12:57  Phoenix (Chrono Boost)  
  94  13:00  Probe  
  95  13:08  Phoenix (Chrono Boost)  
  95  13:11  High Templar  
  99  13:17  Probe x2  
  99  13:18  Probe  
  102  13:24  High Templar  
  104  13:29  Probe  
  104  13:30  Probe x2  
  107  13:39  High Templar  
  107  13:41  Shield Battery, Probe  
  109  13:46  High Templar, Gateway  
  112  13:51  Archon  
  112  13:55  Probe x2  
  116  14:00  Photon Cannon  
  118  14:10  Gateway  
  118  14:12  Pylon  
Tags
 
Add a new tag
Caveats
  • Supply blocks, unpowered buildings, or Contaminate may cause inaccurate times.
  • Supply counts are checked every 10 seconds.